 Dungeon Crawl Stone Soup version 0.21.1-1-g345015f (webtiles) character file.

4268 Kairos the Thaumaturge (level 10, 0/54 HPs)
             Began as a Deep Elf Conjurer on Apr 12, 2018.
             Was a Follower of Vehumet.
             Slain by a white ugly thing (18 damage)
             ... on level 8 of the Dungeon.
             The game lasted 00:37:30 (11292 turns).

Kairos the Thaumaturge (Deep Elf Conjurer)         Turns: 11292, Time: 00:37:31

Health: 0/54       AC: 12    Str:  9    XL:     10   Next: 10%
Magic:  1/26       EV: 17    Int: 23    God:    Vehumet [*.....]
Gold:   395        SH:  0    Dex: 15    Spells: 23/30 levels left

rFire    . . .     SeeInvis .   q - +3 quarterstaff (chaos)
rCold    . . .     Gourm    +   (shield currently unavailable)
rNeg     + + +     Faith    .   Q - +3 ring mail of the Thirsty Cities {+Inv rElec rN+++ Stlth-}
rPois    .         Spirit   .   (no helmet)
rElec    +         Reflect  .   s - +1 cloak
rCorr    .         Harm     .   l - +0 pair of gloves
MR       +....                  P - +0 pair of boots
Stlth    +.........             M - amulet of the gourmand
HPRegen  0.18/turn              m - +5 ring of evasion
MPRegen  0.20/turn              I - +3 ring of strength

@: no status effects
A: no striking features
a: Renounce Religion, Evoke Invisibility


You were on level 8 of the Dungeon.
You worshipped Vehumet.
Vehumet was aware of your devotion.
You were not hungry.

You visited 2 branches of the dungeon, and saw 9 of its levels.

You collected 395 gold pieces.

Inventory:

Hand Weapons
 q - a +3 quarterstaff of chaos (weapon)
 r - a +0 vampiric spear
 F - a +0 flail of draining
Armour
 d - a +0 shield
 i - a +2 robe of magic resistance
 l - a +0 pair of gloves (worn)
 s - a +1 cloak (worn)
 P - a +0 pair of boots (worn)
 Q - the +3 ring mail of the Thirsty Cities (worn) {+Inv rElec rN+++ Stlth-}
   (You found it on level 7 of the Dungeon)

   It insulates you from electricity.
   It renders you almost immune to negative energy.
   It lets you turn invisible.
   It makes you less stealthy.
Jewellery
 m - a +5 ring of evasion (left hand)
 x - an uncursed ring of ice
 C - a +1 ring of protection
 I - a +3 ring of strength (right hand)
 L - an uncursed ring of fire
 M - an amulet of the gourmand (around neck)
Wands
 t - a wand of random effects (15)
 u - a wand of flame (19)
 G - a wand of disintegration (5)
 K - a wand of enslavement (11)
Scrolls
 a - 3 scrolls of remove curse
 f - 2 scrolls of random uselessness {unknown}
 g - a scroll of enchant armour {unknown}
 k - 7 scrolls of identify
 o - 2 scrolls of amnesia {unknown}
 w - 5 scrolls of teleportation
 D - 3 scrolls of blinking
 E - 3 scrolls of magic mapping {unknown}
 H - 2 scrolls of noise {unknown}
 N - a scroll of brand weapon {unknown}
 O - 4 scrolls of fog {unknown}
 R - a scroll of fear {unknown}
Potions
 e - 3 potions of heal wounds {unknown}
 h - a potion of curing
 j - a potion of might
 n - a potion of ambrosia {unknown}
 p - 2 potions of agility {unknown}
 v - a potion of magic {unknown}
 z - 2 potions of degeneration {unknown}
 A - a potion of cancellation {unknown}
 B - 2 potions of brilliance {unknown}
 J - 2 potions of mutation {unknown}
Books
 b - a book of Conjurations

   Spells                             Type                      Level
   a - Magic Dart                     Conjuration                  1
   b - Searing Ray                    Conjuration                  2
   c - Dazzling Spray                 Conjuration/Hexes            3
   d - Fulminant Prism                Conjuration/Hexes            4
   e - Force Lance                    Conjuration/Translocation    4
   f - Iskenderun's Mystic Blast      Conjuration                  4
 y - a book of Callings

   Spells                             Type                      Level
   a - Summon Small Mammal            Summoning                    1
   b - Call Imp                       Summoning                    2
   c - Call Canine Familiar           Summoning                    3
   d - Summon Guardian Golem          Hexes/Summoning              3
   e - Summon Lightning Spire         Summoning/Air                4
   f - Summon Ice Beast               Ice/Summoning                4
Comestibles
 c - 8 rations
 S - a chunk of flesh


   Skills:
 + Level 2.4 Fighting
 + Level 0.3(2.0) Maces & Flails
 - Level 1.1(2.3) Polearms
 + Level 4.3(4.5) Staves
 + Level 2.6 Armour
 + Level 4.8 Dodging
 + Level 5.3 Stealth
 + Level 10.5 Spellcasting
 + Level 10.2 Conjurations
 + Level 2.9 Evocations


You had 23 spell levels left.
You knew the following spells:

 Your Spells              Type           Power        Failure   Level  Hunger
a - Magic Dart            Conj           ####         1%          1    None
b - Searing Ray           Conj           ######       1%          2    None
c - Iskenderun's Mystic   Conj           ######..     1%          4    #......


Dungeon Overview and Level Annotations

Branches:
Dungeon (8/15)             Temple (1/1) D:5
   Lair: D:8-11

Altars:
Cheibriados
Dithmenos
Elyvilon
Fedhas
Hepliaklqana
Kikubaaqudgha
Okawaru
Qazlal
Ru
Sif Muna
Trog
Vehumet
Wu Jian
Xom
Yredelemnul
Zin
The Shining One

Shops:
D:5 (


Message History

Press: ? - help, Shift-Dir - straight line, f/p - white ugly thing
Aim: a white ugly thing (heavily wounded)
The magic dart hits the white ugly thing.
The white ugly thing is heavily wounded.
You barely miss the white ugly thing.
The white ugly thing is heavily wounded.
The white ugly thing barely misses you.
You sock the white ugly thing!
The white ugly thing is severely wounded.
The white ugly thing closely misses you.
The white ugly thing headbutts you. The white ugly thing freezes you!!
Ouch! That really hurt!
You hit the white ugly thing but do no damage.
Lightning courses through the white ugly thing!
The white ugly thing is severely wounded.
The white ugly thing misses you. The orc closely misses you.
You hit the white ugly thing but do no damage.
The white ugly thing is severely wounded.
The white ugly thing headbutts you. The white ugly thing freezes you!!
You die...

##########
#........##
#.........#
#......<..#
##.......##
#........##.
#...@u...'..
##...o...#..
#....รท...#
#>.......#
#........#
#..........
#............
##.......##..
######### ..


You could see a white ugly thing and an orc.

Vanquished Creatures
  A two-headed ogre (D:6)
  The ghost of Zgarb the Transmogrifier, a novice MfTm of Okawaru (D:7)
  The ghost of Verendum the Basher, a novice GrMo of Gozag (D:6)
  Pikel (D:5)
  The ghost of azzavlup the Skirmisher, an amateur DsAK of Lugonu (D:4)
  Grinder (D:3)
  Eustachio (D:4)
  A slave (D:5)
  An orc warrior (D:7)
  An ice beast (D:7)
  A sky beast (D:5)
  3 ogres
  2 centaurs
  3 bullfrogs
  4 crimson imps
  2 hounds
  Crazy Yiuf (D:2)
  4 orc wizards
  7 worker ants
  A hound skeleton (D:5)
  A howler monkey skeleton (D:5)
  A howler monkey zombie (D:7)
  13 gnolls
  6 adders
  A shadow imp (D:6)
  An ooze (D:3)
  A worm (D:3)
  4 dart slugs
  A leopard gecko (D:4)
  17 orcs
  4 bats (D:1)
  8 giant cockroaches
  3 goblins
  6 hobgoblins
  11 jackals
  9 kobolds
  4 quokkas
  3 frilled lizards
  A jackal skeleton (D:3)
  A leopard gecko skeleton (D:8)
  16 rats
150 creatures vanquished.

Vanquished Creatures (others)
  A phantom (D:5)
  A quokka (D:5)
  2 fungi (D:5)
4 creatures vanquished.

Grand Total: 154 creatures vanquished

Notes
Turn   | Place    | Note
-------+----------+-------------------------------------------
     0 | D:1      | Kairos the Deep Elf Conjurer began the quest for the Orb.
     0 | D:1      | Reached XP level 1. HP: 10/10 MP: 6/6
     8 | D:1      | Reached XP level 2. HP: 15/15 MP: 2/8
    38 | D:1      | Reached skill level 5 in Conjurations
   327 | D:1      | Reached XP level 3. HP: 19/19 MP: 3/9
   767 | D:1      | Learned a level 2 spell: Searing Ray
   887 | D:1      | Reached XP level 4. HP: 24/24 MP: 1/11
  1292 | D:2      | Found a runed door.
  1434 | D:2      | Found an iron altar of Okawaru.
  2106 | D:2      | Noticed Crazy Yiuf
  2114 | D:2      | Killed Crazy Yiuf
  2114 | D:2      | Reached XP level 5. HP: 26/28 MP: 6/12
  2459 | D:3      | Noticed Grinder
  2461 | D:3      | Paralysed by Grinder for 7 turns
  2502 | D:3      | Paralysed by Grinder for 5 turns
  2847 | D:3      | Found a shadowy altar of Dithmenos.
  3022 | D:3      | Found a blossoming altar of Fedhas.
  3022 | D:3      | Found a glowing silver altar of Zin.
  3109 | D:3      | Paralysed by Grinder for 7 turns
  3119 | D:3      | Killed Grinder
  3119 | D:3      | Reached skill level 5 in Spellcasting
  3119 | D:3      | Reached XP level 6. HP: 8/32 MP: 5/15
  3637 | D:4      | Found a deep blue altar of Sif Muna.
  3999 | D:4      | Reached skill level 1 in Armour
  4239 | D:4      | Noticed azzavlup's ghost (amateur DsAK)
  4561 | D:4      | Reached XP level 7. HP: 36/36 MP: 11/17
  4941 | D:4      | Noticed Eustachio
  4970 | D:4      | Killed Eustachio
  5357 | D:4      | Found a bloodstained altar of Trog.
  5376 | D:4      | Killed azzavlup's ghost
  5376 | D:4      | Reached skill level 1 in Polearms
  5959 | D:5      | Entered Level 5 of the Dungeon
  5990 | D:5      | Reached XP level 8. HP: 19/42 MP: 11/19
  6052 | D:5      | Found Zuylobb's Antique Weapon Boutique.
  6472 | D:5      | Reached skill level 1 in Evocations
  6540 | D:5      | Learned a level 4 spell: Iskenderun's Mystic Blast
  6593 | D:5      | Found a snail-covered altar of Cheibriados.
  6596 | D:5      | Found a staircase to the Ecumenical Temple.
  6601 | Temple   | Entered the Ecumenical Temple
  6635 | Temple   | Became a worshipper of Vehumet
  7093 | D:5      | Reached skill level 1 in Fighting
  7427 | D:5      | Noticed Pikel
  7458 | D:5      | Killed Pikel
  7458 | D:5      | Reached skill level 1 in Staves
  7978 | D:5      | Found a sacrificial altar of Ru.
  8068 | D:5      | Found a shimmering altar of Xom.
  8342 | D:6      | Noticed a two-headed ogre
  8385 | D:6      | Noticed Verendum's ghost (novice GrMo)
  8674 | D:6      | Killed a two-headed ogre
  8674 | D:6      | Reached skill level 5 in Stealth
  8674 | D:6      | Reached XP level 9. HP: 48/48 MP: 1/23
  9533 | D:6      | Killed Verendum's ghost
 10155 | D:7      | Reached skill level 10 in Spellcasting
 10337 | D:7      | Got a polished ring mail
 10348 | D:7      | Identified the +3 ring mail of the Thirsty Cities {+Inv rElec rN+++ Stlth-} (You found it on level 7 of the Dungeon)
 10502 | D:6      | Found a hazy altar of Hepliaklqana.
 10743 | D:7      | Noticed Zgarb's ghost (novice MfTm)
 10772 | D:7      | Killed Zgarb's ghost
 10772 | D:7      | Reached * piety under Vehumet
 10772 | D:7      | Offered knowledge of Sting by Vehumet.
 10772 | D:7      | Reached skill level 10 in Conjurations
 10772 | D:7      | Reached XP level 10. HP: 54/54 MP: 1/26
 11169 | D:7      | Found a glowing golden altar of the Shining One.
 11284 | D:8      | Noticed a white ugly thing
 11292 | D:8      | Slain by a white ugly thing

Skill      XL: |  1  2  3  4  5  6  7  8  9 |
---------------+----------------------------+-----
Conjurations   | 5 6 7 9 10 | 10.2
Stealth        | 3 4 5 |  5.3
Dodging        | 3 4 |  4.8
Spellcasting   | 5 6 8 10 | 10.5
Armour         | 1 2 |  2.6
Polearms       | 1 |  1.1
Evocations     | 2 |  2.9
Fighting       | 2 |  2.4
Staves         | 2 4 |  4.3
Maces & Flails | |  0.3

Action                   |  1- 3 |  4- 6 |  7- 9 | 10-12 || total
-------------------------+-------+-------+-------+-------++-------
Melee: Club              |    14 |     5 |       |       ||    19
       Spear             |       |    47 |    28 |       ||    75
       Quarterstaff      |       |       |    47 |     4 ||    51
 Cast: Magic Dart        |    71 |   168 |    70 |     1 ||   310
       Searing Ray       |       |     7 |     3 |       ||    10
       Iskenderun's Myst |       |       |    82 |     7 ||    89
Evoke: Wand              |       |       |    11 |       ||    11
  Use: Potion            |       |     1 |       |       ||     1
       Scroll            |       |       |     3 |       ||     3
 Stab: Sleeping          |       |     1 |       |       ||     1
  Eat: Chunk             |       |     7 |    25 |       ||    32
       Ration            |       |     3 |     1 |       ||     4
Armor: Robe              |     7 |     1 |     3 |       ||    11
       Leather armour    |       |    10 |    18 |       ||    28
       Ring mail         |       |       |     3 |       ||     3
Dodge: Dodged            |    22 |    68 |   125 |     4 ||   219
